 Dungeon Crawl Stone Soup version 0.29-a0-243-g602b31c20e (webtiles) character file.

Game seed: 216985879152360239

8358 spaghetti the Fighter (level 11, -10/114 HPs)
             Began as a Deep Dwarf Fighter on Mar 4, 2022.
             Was a Believer of Makhleb.
             Mangled by a seven-headed hydra (11 damage)
             ... on level 15 of the Dungeon.
             The game lasted 00:31:23 (9861 turns).

spaghetti the Fighter (Deep Dwarf Fighter)          Turns: 9861, Time: 00:31:23

Health: -10/114    AC: 14    Str: 24    XL:     11   Next: 8%
Magic:  0/0        EV:  8    Int:  5    God:    Makhleb [**....]
Gold:   196        SH: 17    Dex: 15    Spells: 10/10 levels left

rFire   . . .      SeeInvis .   b - +2 dagger of the Equator {spect, rN+ Int-4 Dex+3, short}
rCold   + . .      Faith    +   m - +0 tower shield
rNeg    + . .      Spirit   .   l - +1 ring mail {rC+}
rPois   +          Reflect  .   (no helmet)
rElec   .          Harm     .   d - +1 cloak
rCorr   .          Rampage  .   u - +0 pair of gloves
Will    +....                   n - +2 pair of boots
Stlth   +.........              e - amulet of faith {!P}
HPRegen 0.00/turn               p - ring of poison resistance
MPRegen 0.07/turn               (no ring)

@: no status effects
A: damage resistance, heal wounds, sense surroundings 2, no regeneration
a: Heal Wounds, Renounce Religion, Minor Destruction


You were on level 15 of the Dungeon.
You worshipped Makhleb.
Makhleb was pleased with you.
You visited 3 branches of the dungeon, and saw 17 of its levels.

You collected 836 gold pieces.
You spent 640 gold pieces at shops.


Innate Abilities, Weirdness & Mutations

You are resistant to damage.
You can heal yourself by infusing magical energy.
You passively map the area around you.
You do not regenerate.


   Skills:
 + Level 11.6 Fighting
 - Level 3.0(3.3) Short Blades
 - Level 2.0(3.0) Long Blades
 - Level 8.0 Armour
 + Level 10.9 Shields


You had 10 spell levels left.
You didn't know any spells.
Your spell library contained the following spells:

 Spells                   Type           Power      Damage    Failure   Level
 Animate Skeleton         Necr           0%         N/A       99%         1
 Apportation              Tloc           0%         N/A       99%         1
 Magic Dart               Conj           0%         1d3       99%         1
 Summon Small Mammal      Summ           0%         N/A       99%         1
 Searing Ray              Conj           0%         2d4       100%        2
 Static Discharge         Conj/Air       0%         N/A       100%        2
 Frozen Ramparts          Ice            0%         1d2       100%        3
 Stone Arrow              Conj/Erth      0%         3d7       100%        3
 Animate Armour           Summ/Erth      0%         N/A       100%        4
 Dispel Undead            Necr           0%         3d6       100%        4
 Fulminant Prism          Conj/Hex       0%         3d6       100%        4
 Ice Form                 Ice/Tmut       0%         N/A       100%        4
 Sticky Flame             Conj/Fire      0%         2d3       100%        4
 Summon Ice Beast         Ice/Summ       0%         N/A       100%        4
 Dispersal                Tloc           0%         N/A       100%        6
 Disjunction              Tloc           0%         N/A       100%        8
 Lehudib's Crystal Spear  Conj/Erth      0%         10d2      100%        8

Inventory:

Hand Weapons
 b - the +2 dagger of the Equator (weapon) {spect, rN+ Int-4 Dex+3, short}
   (You found it on level 3 of the Dungeon)

   When its wielder attacks, the weapon's spirit leaps out and strikes again.
   The spirit shares a part of any damage it takes with its wielder.
   Int:       It affects your intelligence (-4).
   Dex:       It affects your dexterity (+3).
   rN:        It protects you from negative energy.
 h - a +2 whip of electrocution {mace}
   (You took it off a kobold on level 8 of the Dungeon)
 G - a +2 shortbow of freezing {bow}
   (You took it off a centaur on level 11 of the Dungeon)
Missiles
 f - 380 stones {throwing}
 i - 21 poisoned darts (quivered) {throwing}
 q - 10 boomerangs {throwing}
 t - 2 curare-tipped darts {=fthrowing}
 C - 3 javelins {throwing}
Armour
 c - a +0 buckler
 d - a +1 cloak (worn)
   (You found it on level 6 of the Dungeon)
 l - a +1 ring mail of cold resistance (worn)
   (You found it on level 2 of the Dungeon)
 m - a +0 tower shield (worn)
   (You found it on level 6 of the Dungeon)
 n - a +2 pair of boots (worn)
   (You found it on level 3 of the Dungeon)
 u - a +0 pair of gloves (worn)
   (You found it on level 5 of the Dungeon)
 z - a +0 troll leather armour
   (You found it on level 8 of the Dungeon)
Magical Staves
 v - a staff of air {!astaff}
   (You found it on level 11 of the Dungeon)
Jewellery
 a - a ring of flight
   (You found it on level 11 of the Dungeon)
 e - an amulet of faith (around neck) {!P}
   (You bought it in a shop on level 12 of the Dungeon)
 p - a ring of poison resistance (left hand)
   (You found it on level 8 of the Dungeon)
 w - an amulet of reflection
   (You found it on level 5 of the Dungeon)
Wands
 o - a wand of paralysis (7)
   (You found it on level 12 of the Dungeon)
 y - a wand of digging (3)
   (You found it on level 9 of the Dungeon)
Scrolls
 g - a scroll of immolation {!r!r}
 j - 2 scrolls of magic mapping {!r}
 r - a scroll of enchant weapon
 B - 3 scrolls of identify {@r1}
 D - 2 scrolls of vulnerability {!r!r}
Potions
 k - 2 potions of resistance
 s - a potion of cancellation
 A - a potion of lignification {!q}
 F - a potion of might

Dungeon Overview and Level Annotations

Branches:
Dungeon (15/15)            Temple (1/1) D:5             Orc (1/2) D:10
   Lair: D:8-11      Vaults: D:13-14     Depths: D:15

Altars:
Ashenzari
Cheibriados
Dithmenos
Elyvilon
Fedhas
Gozag
Hepliaklqana
Makhleb
Nemelex Xobeh
Okawaru
Qazlal
Ru
Sif Muna
Trog
Uskayaw
Vehumet
Wu Jian
Xom
Yredelemnul
Zin
The Shining One
Beogh

Shops:
D:9 =   D:12 =

Annotations:
D:2 exclusion: door
D:8 Grum
D:11 exclusion: 3 doors
D:12 Jorgrun, Nessos

, , , , ,*
* , , ,, ,
, * , , , ,
,* ,, , * ,
* , , * ,
,, , , *
##+###+##**
, ,
#.3.<...# *
* #.......#
** #.s@D.#
#######


You could see a seven-headed hydra, a wolf spider (ally target) and a friendly
neqoxec (summoned).


Message History

You block the slime creature's attack.
You hit the slime creature.
Your +2 dagger of the Equator {spect, rN+ Int-4 Dex+3, short} hits the slime creature!
You kill the slime creature!
Makhleb accepts your kill.
You can now summon a lesser servant of Makhleb. 😨 HP[+1]
You now have 114 max hp (+2).
You swap places.
i - 21 poisoned darts {throwing} (gained 1)
A sourceless malevolence fills the Dungeon...
You fall into a shaft and drop 2 floors!
The shaft crumbles and collapses.
A meliai and an ogre mage come into view.
The meliai buzzes angrily.
The ogre mage shouts!
Found a scroll of identify and 15 gold pieces.
Found an escape hatch in the ceiling.
Found a stone staircase leading up.
Unknown command.
You block the meliai's attack. x2
The ogre mage points at you and mumbles some strange words.
The bolt of magma misses you.
There is an escape hatch in the ceiling here.
The meliai invokes the aid of its god against you.
Something smites you!
* * * LOW HITPOINT WARNING * * *
The meliai hits you but does no damage. You block the meliai's attack.
A mysterious force pulls you upwards. The hatch slams shut behind you.
The centaur shouts!
The catoblepas bellows!
You hear a shout!
Found a short sword.
Found a stone staircase leading down. 😨 HP[-10]
You take 10 damage, and now have 39/114 hp.
Unknown command.
Unknown command.
Really read
E - a scroll of blinking {!r}?
Blink to where?
Press: ? - help, Dir - move target A centaur warrior and a centaur come into view.
As you read the scroll of blinking {!r}, it crumbles to dust.
The centaur warrior shouts!
The centaur shouts!
The meliai calls down the wrath of its god upon you.
Something smites you!
* * * LOW HITPOINT WARNING * * *
The centaur wields a +0 shortbow.
The centaur shoots an arrow.
You block the arrow.
The centaur warrior wields a +2 shortbow of flaming.
It bursts into flame!
The centaur warrior shoots an arrow.
The arrow hits you but does no damage. The centaur closely misses you.
The centaur barely misses you. 😨 HP[-7]
You take 7 damage, and now have 32/114 hp.
The meliai calls down the wrath of its god upon you.
Something smites you!
* * * LOW HITPOINT WARNING * * *
The centaur hits you.
* * * LOW HITPOINT WARNING * * *
The centaur kicks you.
The centaur shoots an arrow.
You block the arrow.
The centaur warrior shoots an arrow.
The arrow completely misses you.
The arrow hits the centaur!!
The arrow burns the centaur!
The centaur dies!
The meliai mumbles some strange prayers to its god against you.
Something smites you!
* * * LOW HITPOINT WARNING * * *
You climb downwards.
The seven-headed hydra roars!
Found a chain mail and 21 stones.
Found an escape hatch in the ceiling.
There is a stone staircase leading up here. 😱 HP[-25]
You take 25 damage, and now have 7/114 hp.
MASSIVE DAMAGE!! (PAUSE) Unknown command.
Okay, then.
Okay, then.
Your magical essence is drained by the effort!
You feel much better. You block the wolf spider's attack.
The wolf spider bites you!
* * * LOW HITPOINT WARNING * * *
The seven-headed hydra bites you.
* * * LOW HITPOINT WARNING * * *
The seven-headed hydra bites you!
* * * LOW HITPOINT WARNING * * *
The seven-headed hydra bites you but does no damage. x2
The seven-headed hydra bites you. x2
* * * LOW HITPOINT WARNING * * *
You block the seven-headed hydra's attack. 😱 HP[+5] MP[-1]
You regained 5 hp, and now have 12/114 hp.
Unknown command.
A demon appears!
You can no longer summon a lesser servant of Makhleb.
The wolf spider hits you but does no damage.
You block the wolf spider's attack.
The wolf spider hits you but does no damage.
You block the wolf spider's attack. The seven-headed hydra bites you!
* * * LOW HITPOINT WARNING * * *
You block the seven-headed hydra's attack.
The seven-headed hydra bites you.
* * * LOW HITPOINT WARNING * * *
The seven-headed hydra bites you but does no damage. x2
The seven-headed hydra bites you!
You die...

Skill      XL: |  1  2  3  4  5  6  7  8  9 10 |
---------------+-------------------------------+-----
Shields        | 4 5 7 8 10 | 10.9
Short Blades   | 2 3 |  3.0
Armour         | 4 6 8 |  8.0
Fighting       | 3 6 9 11 | 11.6
Long Blades    | |  2.0

Action                   |  1- 3 |  4- 6 |  7- 9 | 10-12 || total
-------------------------+-------+-------+-------+-------++-------
Melee: Long sword        |    30 |       |       |       ||    30
       Dagger            |    85 |   182 |   442 |   261 ||   970
Throw: Dart              |       |     8 |    60 |    27 ||    95
       Stone             |       |     4 |       |       ||     4
Invok: Lesser Servant of |       |       |       |     1 ||     1
 Abil: Heal Wounds       |     1 |     3 |    12 |    16 ||    32
Evoke: Wand              |       |     6 |       |     3 ||     9
  Use: Scroll            |     5 |     6 |     8 |     6 ||    25
       Potion            |     2 |     5 |    15 |     1 ||    23
 Stab: Paralysed         |       |     9 |       |     7 ||    16
       Invisible         |       |       |     2 |       ||     2
       Distracted        |       |       |     6 |     4 ||    10
Armor: Scale mail        |    32 |     2 |       |       ||    34
       Ring mail         |       |    43 |   151 |   138 ||   332
       Leather armour    |       |     1 |       |       ||     1
       Skin              |       |       |     9 |       ||     9
Dodge: Dodged            |    38 |    71 |   127 |    73 ||   309
Block: Buckler           |    21 |    33 |   187 |    62 ||   303
       Reflection        |       |       |     3 |    21 ||    24
       Tower shield      |       |       |       |   218 ||   218

Levels and vault maps discovered:
D:1:      shiori_arrival_oz, layout_basic, minmay_misc_feat_room,
          minmay_gold_behind_fungi, minivault_23
D:2:      layout_loops_cross, dreamdust_ecumenical_altar_angels_and_demons,
          minmay_three_crescents
D:3:      layout_basic, nicolae_overflow_hidden_temple, uniq_grinder
D:4:      layout_loops_ring, nicolae_yredelemnul_corpse_copse,
          mainiacjoe_overflow_small_starburst, minmay_misc_feat_rows,
          uniq_blork_the_orc
D:5:      layout_loops_ring, minmay_temple_entry_arrows, dk_vineyard_2
D:6:      layout_rooms, lightli_temple_of_fire, portal_sewer_entry_e
D:7:      minmay_the_grid_octo_tiled_squarecenter
          [minmay_the_grid_octo_checkerflower, minmay_the_grid_octo_odd_swirl,
          minmay_the_grid_octo_horde, minmay_the_grid_octo_pinwheel,
          minmay_the_grid_square_5x5_megaprize_checkered,
          minmay_the_grid_square_5x5_six_small, minmay_the_grid_square_5x5_z,
          minmay_the_grid_square_5x5_inset,
          minmay_the_grid_square_5x5_sharp_hourglass], layout_basic,
          overflow_temple_1_default
D:8:      layout_gridville, nzn_wu_jian_council_hall, serial_rivers,
          chequers_serial_rivers_micro_d, chequers_serial_rivers_large_b,
          chequers_serial_rivers_small_b, chequers_serial_rivers_small_b,
          chequers_serial_rivers_micro_a, chequers_serial_rivers_large_a,
          item_on_display_a, uniq_grum
D:9:      layout_small_grid, serial_shops, shop, shop_fountains,
          grunt_decor_cap, uniq_maggie
D:10:     layout_roguey, david_lair_shrubbed, minmay_orc_entry_temple_small,
          ploomutoo_gammafunk_ghost_potion_laboratory, lightli_elemental_guards
D:11:     layout_roguey, minmay_misc_feat_enclosed
D:12:     layout_loops_ring, serial_shops, nicolae_shop_behind_doors,
          serial_glass, glass_columns_c, glass_columns_a, uniq_jorgrun,
          uniq_azrael, uniq_nessos
D:13:     layout_cave_pods, serial_shops, shop, drop_trap,
          nicolae_take_the_stairs, st_stairs_8, moated_statue,
          minmay_guarded_unrand_resistance
D:14:     layout_basic, erik_vaults_1, fountainhead, st_stairs_11
D:15:     hangedman_spin_cycle, uniq_rupert, uniq_kirke
Temple:   nicolae_temple_hex_pool
Orc:1:    layout_diamond_mine

Notes
Turn   | Place    | Note
-------+----------+-------------------------------------------
     0 | D:1      | spaghetti the Deep Dwarf Fighter began the quest for the
                  | Orb.
     0 | D:1      | Reached XP level 1. HP: 20/20 MP: 1/1
     0 | D:1      | magus.rc [v1.9.6]
    55 | D:1      | Reached skill level 4 in Shields
    55 | D:1      | Reached XP level 2. HP: 17/27 MP: 2/2
   117 | D:1      | HP: 5/27 [frozen (3)]
   193 | D:1      | Reached XP level 3. HP: 32/33 MP: 3/3
   545 | D:1      | Reached skill level 5 in Shields
   949 | D:2      | You pick up a book of Cantrips and begin reading...
   949 | D:2      | You add the spells Animate Skeleton, Summon Small Mammal
                  | and Apportation to your library.
  1124 | D:2      | Reached XP level 4. HP: 16/40 MP: 4/4
  1160 | D:2      | Found a faded altar of an unknown god.
  1768 | D:3      | You pick up a book of the Warp and begin reading...
  1768 | D:3      | You add the spells Dispersal and Disjunction to your
                  | library.
  1947 | D:3      | Noticed Grinder
  1978 | D:3      | Paralysed by Grinder for 7 turns
  1989 | D:3      | HP: 9/40 [Grinder/nerve-wracking pain (8)]
  1990 | D:3      | Paralysed by Grinder for 3 turns
  1994 | D:3      | HP: 5/40 [Grinder/nerve-wracking pain (4)]
  1999 | D:3      | Killed Grinder
  2000 | D:3      | Reached skill level 7 in Shields
  2000 | D:3      | Reached XP level 5. HP: 45/46 MP: 5/5
  2000 | D:3      | Reached XP level 6. HP: 54/55 MP: 6/6
  2473 | D:3      | Identified the +2 dagger of the Equator {spect, rN+ Int-4
                  | Dex+3}
  2491 | D:3      | Found a shimmering blue altar of Sif Muna.
  2491 | D:3      | Found a hazy altar of Hepliaklqana.
  2650 | D:3      | Found a glowing golden altar of the Shining One.
  2652 | D:3      | Found a shadowy altar of Dithmenos.
  2712 | D:4      | Found a basalt altar of Yredelemnul.
  2719 | D:4      | Reached skill level 1 in Short Blades
  2790 | D:4      | Reached skill level 4 in Armour
  2833 | D:4      | HP: 13/55 [orc priest/divine providence (12)]
  3001 | D:4      | Found a bloodstained altar of Trog.
  3004 | D:4      | Noticed an ice beast
  3014 | D:4      | Killed an ice beast
  3015 | D:4      | Reached skill level 2 in Short Blades
  3015 | D:4      | Reached XP level 7. HP: 21/61 MP: 6/6
  3475 | D:4      | Noticed Blork the orc
  3488 | D:4      | Killed Blork the orc
  3489 | D:4      | Reached skill level 3 in Short Blades
  3489 | D:4      | Reached skill level 5 in Armour
  3544 | D:5      | Entered Level 5 of the Dungeon
  3628 | D:5      | Reached skill level 3 in Fighting
  3739 | D:5      | HP: 14/62 [gnoll/+0 spear (2)]
  3753 | D:6      | HP: 13/62 [adder (1)]
  3758 | D:6      | Reached skill level 6 in Armour
  3763 | D:6      | Reached XP level 8. HP: 50/72 MP: 6/6
  3868 | D:6      | Reached skill level 4 in Fighting
  4164 | D:6      | Reached skill level 7 in Armour
  4175 | D:6      | Reached skill level 5 in Fighting
  4420 | D:6      | You pick up a book of Conjurations {@e2} and begin
                  | reading...
  4420 | D:6      | You add the spells Magic Dart, Searing Ray and Fulminant
                  | Prism to your library.
  5108 | D:5      | Found a staircase to the Ecumenical Temple.
  5115 | Temple   | Entered the Ecumenical Temple
  5208 | Temple   | Became a worshipper of Ru the Awakened
  5281 | D:5      | Reached skill level 8 in Armour
  5348 | D:5      | Reached skill level 6 in Fighting
  5569 | D:6      | Found a burning altar of Makhleb.
  5664 | D:6      | Fell from the grace of Ru
  5664 | D:6      | Became a worshipper of Makhleb the Destroyer
  5767 | D:7      | Gained mutation: You passively map the area around you.
                  | [Deep Dwarf growth]
  5767 | D:7      | Reached XP level 9. HP: 36/85 MP: 7/7
  5796 | D:7      | Reached skill level 7 in Fighting
  5967 | D:7      | HP: 19/86 [orc warrior/+0 battleaxe (4)]
  6228 | D:7      | Found an opulent altar of Gozag.
  6297 | D:7      | HP: 21/86 [something (4)]
  6318 | D:7      | Noticed a cyclops
  6323 | D:7      | Reached skill level 8 in Fighting
  6547 | D:8      | HP: 21/88 [something/+4 dagger (5)]
  6698 | D:8      | Reached * piety under Makhleb
  6710 | D:8      | HP: 21/90 [killer bee (5)]
  6740 | D:8      | HP: 10/90 [hornet (11)]
  6749 | D:8      | Reached skill level 9 in Fighting
  7022 | D:8      | HP: 23/92 [kobold brigand/+0 short sword (5)]
  7034 | D:8      | Noticed Grum
  7043 | D:8      | HP: 23/92 [wolf[Grum] (1)]
  7049 | D:8      | HP: 14/92 [/a scroll of torment (5)]
  7140 | D:7      | HP: 19/92 [acid dragon (9)]
  7168 | D:7      | HP: 13/92 [acid dragon/splash of acid (16)]
  7483 | D:8      | Reached skill level 8 in Shields
  7483 | D:8      | Reached XP level 10. HP: 62/102 MP: 6/6
  7527 | D:9      | Noticed Maggie
  7527 | D:9      | Found Soaps's Jewellery Boutique.
  7577 | D:9      | Reached skill level 10 in Fighting
  7583 | D:10     | Entered Level 10 of the Dungeon
  7594 | D:10     | You pick up a book of Armaments and begin reading...
  7594 | D:10     | You add the spells Stone Arrow, Animate Armour and
                  | Lehudib's Crystal Spear to your library.
  7762 | D:10     | Reached ** piety under Makhleb
  7911 | D:10     | Found a staircase to the Orcish Mines.
  7957 | D:10     | Noticed a two-headed ogre
  7964 | D:10     | Killed a two-headed ogre
  7973 | D:10     | HP: 25/103 [orc priest/divine providence (8)]
  8106 | D:9      | Reached skill level 9 in Shields
  8143 | D:9      | You pick up a book of Rime and begin reading...
  8143 | D:9      | You add the spells Frozen Ramparts, Ice Form and Summon Ice
                  | Beast to your library.
  8223 | D:8      | HP: 21/103 [troll (6)]
  8348 | D:8      | Found an ornate altar of the Wu Jian Council.
  8466 | D:9      | HP: 20/103 [steam dragon/ball of steam (8)]
  8471 | D:9      | HP: 16/103 [steam dragon (4)]
  8473 | D:9      | HP: 7/103 [steam dragon/ball of steam (9)]
  8478 | D:9      | HP: 16/103 [steam dragon] (1)]
  8548 | D:9      | Killed Maggie
  8638 | D:10     | Noticed a six-headed hydra
  8642 | D:10     | Reached skill level 11 in Fighting
  8642 | Orc:1    | Entered Level 1 of the Orcish Mines
  8652 | Orc:1    | Noticed a cyclops
  8699 | D:11     | Noticed a boulder beetle
  8725 | D:10     | HP: 24/104 [orc/+0 trident (3)]
  8729 | D:11     | HP: 3/104 [orc priest/divine providence (10)]
  8737 | D:11     | HP: 22/104 [orc priest/+2 whip of electrocution (1)]
  8815 | D:11     | Noticed a two-headed ogre
  8823 | D:11     | HP: 16/104 [two-headed ogre/+0 giant club (14)]
  8827 | D:11     | Killed a two-headed ogre
  8828 | D:11     | Reached skill level 10 in Shields
  9246 | D:11     | HP: 24/105 [centaur/arrow (8)]
  9252 | D:11     | HP: 19/105 [centaur/+0 shortbow (2)]
  9445 | D:12     | Found Zoxtank's Jewellery Emporium.
  9448 | D:12     | Bought an amulet of faith for 640 gold pieces
  9586 | D:12     | Reached XP level 11. HP: 42/111 MP: 2/2
  9629 | D:11     | HP: 26/111 [fire elemental[Azrael] (10)]
  9725 | D:12     | Noticed a seven-headed hydra
  9737 | D:12     | Noticed Jorgrun
  9745 | D:12     | HP: 28/112 [something (1)]
  9754 | D:12     | You pick up a book of Touch and begin reading...
  9754 | D:12     | You add the spells Static Discharge, Sticky Flame and
                  | Dispel Undead to your library.
  9756 | D:12     | Noticed Nessos
  9792 | D:13     | Reached *** piety under Makhleb
  9853 | D:13     | You fall into a shaft and drop 2 floors!
  9853 | D:15     | Entered Level 15 of the Dungeon
  9853 | D:15     | Noticed an ogre mage
  9856 | D:14     | Noticed a catoblepas
  9857 | D:14     | Noticed a centaur warrior
  9858 | D:14     | HP: 20/114 [meliai/divine providence (12)]
  9858 | D:14     | HP: 7/114 [meliai/divine providence (12)]
  9859 | D:15     | Noticed a wolf spider
  9859 | D:15     | Noticed a seven-headed hydra
  9861 | D:15     | HP: 1/114 [seven-headed hydra (3)]
  9861 | D:15     | Mangled by a seven-headed hydra

Vanquished Creatures
  2 two-headed ogres
  Maggie (D:9)
  A troll (D:8)
  2 hornets
  Grinder (D:3)
  A slime creature (D:13)
  2 wyverns
  A fire elemental (D:11)
  A yak (D:10)
  2 steam dragons (D:9)
  5 vampire mosquitoes
  An acid dragon (D:7)
  A water moccasin (D:6)
  2 orc warriors
  2 sky beasts
  2 ice beasts
  An ogre (Orc:1)
  A wolf (D:8)
  9 centaurs
  5 kobold brigands
  Blork the orc (D:4)
  2 bullfrogs
  A gnoll sergeant (D:9)
  5 scorpions
  5 wights (D:8)
  12 killer bees
  7 howler monkeys
  A centaur zombie (D:4)
  A hound (D:5)
  A bullfrog zombie (D:4)
  11 orc priests
  A gnoll shaman (D:5)
  3 iguanas
  An orc wizard (D:6)
  10 gnolls
  4 adders
  A river rat (D:6)
  A shadow imp (D:7)
  A white imp (D:6)
  4 ufetubi
  3 adder zombies (D:4)
  6 worms
  8 dart slugs
  29 orcs
  A bat (D:2)
  6 endoplasms
  3 giant cockroaches
  8 hobgoblins
  4 jackals (D:1)
  30 kobolds
  9 quokkas
  8 ball pythons
  4 frilled lizards
  14 goblins
  7 rats
256 creatures vanquished.

Vanquished Creatures (others)
  A centaur (D:14)
  5 toadstools (D:1)
6 creatures vanquished.

Grand Total: 262 creatures vanquished

Table legend:
 A = Non-vault XP
 B = Vault XP
 C = Vault XP percentage of total XP
 D = Non-vault monster count
 E = Vault monster count
 F = Vault count percentage of total count
                 A         B        C        D         E       F
            +---------+---------+-------+---------+---------+-------
      Total |    9878 |    2063 |  17.3 |     221 |      35 |  13.7
            +---------+---------+-------+---------+---------+-------
        D:1 |      64 |       4 |   5.9 |      30 |       2 |   6.2
        D:2 |      41 |      14 |  25.5 |      15 |       6 |  28.6
        D:3 |      26 |     286 |  91.7 |      11 |       1 |   8.3
        D:4 |     371 |     194 |  34.3 |      29 |       6 |  17.1
        D:5 |     770 |       0 |   0.0 |      25 |       0 |   0.0
        D:6 |     913 |      27 |   2.9 |      17 |       8 |  32.0
        D:7 |     609 |     568 |  48.3 |      10 |       7 |  41.2
        D:8 |    1932 |     115 |   5.6 |      40 |       1 |   2.4
        D:9 |    1086 |     385 |  26.2 |      18 |       1 |   5.3
       D:10 |    1480 |       3 |   0.2 |      10 |       1 |   9.1
       D:11 |    1690 |     202 |  10.7 |      10 |       1 |   9.1
       D:12 |     775 |       0 |   0.0 |       5 |       0 |   0.0
       D:13 |       0 |     265 | 100.0 |       0 |       1 | 100.0
      Orc:1 |     121 |       0 |   0.0 |       1 |       0 |   0.0
            +---------+---------+-------+---------+---------+-------

Illustrated notes

Table legend:
 A = Kills in this place as a percentage of kills in entire the game.
 B = Kills by you in this place as a percentage of kills by you in the entire game.
 C = Kills by friends in this place as a percentage of kills by friends in the entire game.
 D = Other kills in this place as a percentage of other kills in the entire game.
 E = Experience gained in this place as a percentage of experience gained in the entire game.
 F = Experience gained in this place divided by the number of levels of this place that you have seen.
                   A       B       C       D       E      F
               +-------+-------+-------+-------+-------+----------------------
         Total | 100.0 | 100.0 |   N/A |   N/A | 100.0 | 702.4
       Dungeon |  99.6 |  99.6 |   N/A |   N/A |  99.0 | 788.0
  Orcish Mines |   0.4 |   0.4 |   N/A |   N/A |   1.0 | 121.0
               +-------+-------+-------+-------+-------+----------------------

Table legend: (Time is in decaauts)
 A = Elapsed time spent in this place.
 B = Non-inter-level travel time spent in this place.
 C = Inter-level travel time spent in this place.
 D = Time resting spent in this place.
 E = Time spent auto-exploring this place.
 F = Levels seen in this place.
 G = Mean time per level.
                   A        B        C        D        E       F      G
               +--------+--------+--------+--------+--------+-----+--------+
         Total |   9834 |   9235 |    599 |    891 |   5953 |  17 |  578.5 |
       Dungeon |   9704 |   9147 |    557 |    891 |   5890 |  15 |  646.9 |
        Temple |    114 |     72 |     42 |      0 |     61 |   1 |  114.0 |
  Orcish Mines |     14 |     14 |      0 |      0 |      2 |   1 |   14.0 |
               +--------+--------+--------+--------+--------+-----+--------+

Top non-repeatable levels by time:
     D:8: 1365 daAuts
     D:5: 1112 daAuts
     D:6: 1033 daAuts
     D:3: 959 daAuts
     D:1: 867 daAuts
     D:4: 864 daAuts
     D:2: 859 daAuts
    D:11: 759 daAuts
     D:7: 586 daAuts
    D:10: 462 daAuts
    D:12: 376 daAuts
     D:9: 358 daAuts
  Temple: 114 daAuts
    D:13: 90 daAuts
   Orc:1: 14 daAuts
